 Dungeon Crawl Stone Soup version 0.30-a0-777-ga9a30cbeda (webtiles) character file.

Game seed: 15210803079407668376

157 Juicyj the Trooper (level 5, 0/47 HPs)
             Began as a Minotaur Fighter on Feb 14, 2023.
             Splashed by a jelly's acid (9 damage)
             ... on level 2 of the Dungeon.
             The game lasted 00:01:48 (1107 turns).

Juicyj the Trooper (Minotaur Fighter)               Turns: 1107, Time: 00:01:48

Health: 0/47       AC: -4    Str: 20    XL:     5   Next: 15%
Magic:  4/4        EV:  9    Int:  5    God:
Gold:   128        SH:  5    Dex: 12    Spells: 4/4 levels left

rFire   . . .      SeeInvis .    a - +1 trident
rCold   . . .      Faith    .    c - +0 buckler
rNeg    . . .      Spirit   .    b - +0 scale mail
rPois   .          Reflect  .    (helmet restricted)
rElec   .          Harm     .    (no cloak)
rCorr   .          Rampage  .    (no gloves)
Will    .....                    (no boots) Stlth
                                 (no amulet)
HPRegen 0.27/turn                (no ring)
MPRegen 0.09/turn                (no ring)

@: corroded
A: horns 2, retaliatory headbutt
a: no special abilities


You were on level 2 of the Dungeon.
You visited 1 branch of the dungeon, and saw 2 of its levels.

You collected 128 gold pieces.

Inventory:

Hand Weapons
 a - a +1 trident (weapon)
Armour
 b - a +0 scale mail (worn)
 c - a +0 buckler (worn)
Scrolls
 e - a scroll of silence {unknown}
 f - a scroll of magic mapping {unknown}
 h - a scroll of identify
Potions
 d - a potion of might
 g - 2 potions of heal wounds


   Skills:
 + Level 4.8 Fighting
 + Level 3.7 Polearms
 + Level 4.7 Armour
 + Level 4.7 Shields


You had 4 spell levels left.
You didn't know any spells.
Your spell library contained the following spells:

 Spells                   Type           Power      Damage    Failure   Level
 Apportation              Tloc           0%         N/A       88%         1
 Foxfire                  Conj/Fire      0%         2x1d4     88%         1
 Alistair's Intoxication  Tmut/Pois      0%         N/A       100%        5
 Fireball                 Conj/Fire      0%         3d3       100%        5
 Starburst                Conj/Fire      0%         6d3       100%        6


Dungeon Overview and Level Annotations

Branches:
Dungeon (2/15)

Altars:


Innate Abilities, Weirdness & Mutations

You have a pair of horns on your head.
You reflexively headbutt those who attack you in melee.


Message History

The jelly hits the fungus.
The fungus is splashed with acid.
You block the jelly's attack.
The jelly hits the fungus.
The fungus begins to die.
The fungus is splashed with acid!
The acid corrodes the fungus!
You puncture the jelly! The acid corrodes you!
Your hands burn!
You headbutt the jelly, but do no damage.
The jelly is severely wounded.
The endoplasm hits the fungus.
The fungus begins to die.
The jelly hits you but does no damage.
The jelly hits the fungus.
The fungus is splashed with acid.
The fungus seems to be corroded for longer.
The endoplasm hits the fungus.
The jelly hits the fungus.
The fungus is splashed with acid.
The endoplasm hits the fungus.
You hit the jelly.
You kill the jelly!
The jelly hits the fungus.
The fungus is splashed with acid.
The acid corrodes the fungus!
The jelly hits the fungus.
The fungus is splashed with acid.
The fungus seems to be corroded for longer.
You puncture the endoplasm!
You kill the endoplasm!
The endoplasm hits the fungus.
The jelly hits the fungus.
The fungus is splashed with acid.
The fungus seems to be corroded for longer.
The endoplasm hits the fungus.
You hit the jelly. The acid corrodes you!
Your hands burn!
You headbutt the jelly.
The jelly is heavily wounded.
A nearby fungus withers and dies. x3; You block the jelly's attack.
The jelly hits you.
You are splashed with acid!
You hit the jelly. The acid corrodes you!
Your hands burn!
You headbutt the jelly.
You kill the jelly!
The jelly hits you.
You are splashed with acid.
* * * LOW HITPOINT WARNING * * *
You have reached level 5!
The jelly attacks as you move away! The jelly hits you.
* * * LOW HITPOINT WARNING * * *
You are splashed with acid!
You die...

.........# ########...##
.........############ ###..##
.......(.##?.....##.#########..#
######...##P.P...#.#.#..[.####.#
#...##......#.#.#.....##..#
#...##÷.....#)#'#......)..#
######.....J#.#........)).#
#P...JJ#.#......†.'..#
#÷..÷.@#.#.......##..#
#....÷.'##......###..#
#......########## #.## ########
#.# #.# .#


You could see a jelly and 2 endoplasms.

Vanquished Creatures
  2 jellies (D:2)
  2 adders (D:2)
  3 gnolls (D:2)
  A dart slug (D:2)
  An orc (D:2)
  5 ball pythons
  10 endoplasms
  A giant cockroach (D:1)
  5 goblins
  3 hobgoblins
  11 kobolds
  3 bats
  2 rats
49 creatures vanquished.

Vanquished Creatures (others)
  3 fungi (D:2)
  9 toadstools (D:2)
12 creatures vanquished.

Grand Total: 61 creatures vanquished

Notes
Turn   | Place    | Note
-------+----------+-------------------------------------------
     0 | D:1      | Juicyj the Minotaur Fighter began the quest for the Orb.
     0 | D:1      | Reached XP level 1. HP: 19/19 MP: 0/0
   214 | D:1      | Reached XP level 2. HP: 26/27 MP: 1/1
   351 | D:1      | Found a faded altar of an unknown god.
   778 | D:2      | Reached XP level 3. HP: 33/33 MP: 2/2
   955 | D:2      | Reached XP level 4. HP: 40/41 MP: 3/3
  1107 | D:2      | Reached XP level 5. HP: 12/47 MP: 4/4
  1107 | D:2      | Splashed by a jelly's acid

Illustrated notes

Levels and vault maps discovered:
D:1:      roderic_dead_forest, layout_loops_cross,
          hellmonk_ecumenical_altar_slurped_away
D:2:      cheibrodos_fertilizer, layout_basic, uniq_crazy_yiuf_cottage

Skill      XL: |  1  2 |
---------------+-------+-----
Shields        | 4 |  4.7
Fighting       | 4 |  4.8
Armour         | 4 |  4.7
Polearms       | 3 |  3.7

Action                     |  1- 3 |  4- 6 || total
---------------------------+-------+-------++-------
  Melee: Trident           |    79 |    34 ||   113
         Headbutt          |     5 |     7 ||    12
    Use: Scroll            |     5 |       ||     5
 Armour: Scale mail        |    21 |     9 ||    30
  Dodge: Dodged            |    14 |     6 ||    20
  Block: Buckler           |    14 |     8 ||    22

Table legend: (Time is in decaauts)
 A = Elapsed time spent in this place.
 B = Non-inter-level travel time spent in this place.
 C = Inter-level travel time spent in this place.
 D = Time resting spent in this place.
 E = Time spent auto-exploring this place.
 F = Levels seen in this place.
 G = Mean time per level.
                   A        B        C        D        E       F      G
               +--------+--------+--------+--------+--------+-----+--------+
         Total |   1128 |   1092 |     36 |      0 |    853 |   2 |  564.0 |
       Dungeon |   1128 |   1092 |     36 |      0 |    853 |   2 |  564.0 |
               +--------+--------+--------+--------+--------+-----+--------+

Top non-repeatable levels by time:
     D:1: 769 daAuts
     D:2: 359 daAuts
